AoeStats
← maize

Four Lakes

507559881Analyzed
1v1 RM · 13d ago on Sep 18, 2026· 30m 24s· 2 players
Game mode
Random Map
Map size
Tiny (2 player)
Population
200
Speed
Normal
Resources
Standard
Victory
Conquest
Starting age
Dark Age
Ending age
Imperial Age
RankedLock teamsTeams togetherTeam positionsShared explorationLock speedFull tech treeHidden civsTurbo modeCheats
Victory
Defeat
🇺🇸 Bulgarians · United States
1025
+16
🇫🇮 Mongols · Finland
1015
-16
Majeha
10:34 Feudal Age
13:01 Loom
18:58 Castle Age
18:30 Double-Bit Axe
23:19 Bloodlines
23:09 Husbandry
24:09 Scale Barding Armor
27:38 Wheelbarrow
29:45 Fletching
maize
10:21 Feudal Age
10:45 Loom
15:33 Wheelbarrow
19:10 Town Watch
19:33 Double-Bit Axe
20:29 Gold Mining
22:05 Bloodlines
24:13 Castle Age
23:40 Scale Barding Armor
23:46 Forging
24:17 Pikeman
25:38 Scale Mail Armor
26:14 Iron Casting
27:01 Chain Barding Armor
Connection lost

Rejoining the realm…

Still unreachable

The connection could not be restored.

Session expired

The server has moved on; the page needs a fresh start.